 Dungeon Crawl Stone Soup version 0.27.1-1-g398f81649c (webtiles) character file.

Game seed: 8798904822413549179

3359 MisterFreud the Blocker (level 10, -7/80 HPs)
             Began as a Gnoll Fighter on Sept 8, 2021.
             Was a High Priest of Vehumet.
             Splashed by an acid dragon's acid (14 damage)
             ... on level 9 of the Dungeon.
             The game lasted 00:10:42 (9780 turns).

MisterFreud the Blocker (Gnoll Fighter)             Turns: 9780, Time: 00:10:44

Health: -7/80      AC:  6    Str: 16    XL:     10   Next: 3%
Magic:  17/17      EV: 10    Int: 10    God:    Vehumet [*****.]
Gold:   454        SH: 10    Dex: 12    Spells: 15/18 levels left

rFire    . . .     SeeInvis .   a - +1 rapier
rCold    . . .     Faith    .   c - +0 kite shield
rNeg     . . .     Spirit   .   b - +0 scale mail
rPois    .         Reflect  .   r - +0 helmet
rElec    .         Harm     .   (no cloak)
rCorr    .         Rampage  .   (no gloves)
Will     .....                  g - +0 pair of boots
Stlth    +.........             (no amulet)
HPRegen  0.23/turn              n - +4 ring of slaying
MPRegen  0.15/turn              (no ring)

@: corroded
A: fangs 1, strong nose, distributed training
a: Renounce Religion


You were on level 9 of the Dungeon.
You worshipped Vehumet.
Vehumet was extremely pleased with you.
You visited 1 branch of the dungeon, and saw 9 of its levels.

You collected 655 gold pieces.
You spent 201 gold pieces at shops.

Inventory:

Hand Weapons
 a - a +1 rapier (weapon)
Missiles
 h - 46 poisoned darts (quivered)
 k - 5 javelins
 A - a throwing net
 G - 2 boomerangs
Armour
 b - a +0 scale mail (worn)
 c - a +0 kite shield (worn)
 g - a +0 pair of boots (worn)
 r - a +0 helmet (worn)
 K - a +2 robe of willpower
Jewellery
 n - a +4 ring of slaying (left hand)
 I - an amulet of the acrobat
Wands
 u - a wand of flame (30)
 F - a wand of polymorph (5)
 H - a wand of acid (6)
Scrolls
 f - a scroll of enchant weapon
 j - 7 scrolls of teleportation
 l - a scroll of enchant armour {unknown}
 o - a scroll of vulnerability
 p - 3 scrolls of fog
 t - 2 scrolls of immolation {unknown}
 v - a scroll of magic mapping {unknown}
 w - 2 scrolls of brand weapon {unknown}
 x - 3 scrolls of blinking
 y - a scroll of summoning {unknown}
 z - 4 scrolls of amnesia
 C - a scroll of torment
 J - a scroll of identify
 M - a scroll of holy word {unknown}
Potions
 d - 2 potions of might
 e - 2 potions of flight
 i - a potion of lignification
 m - 3 potions of haste
 q - 3 potions of curing
 s - a potion of magic {unknown}
 B - a potion of invisibility {unknown}
 D - a potion of resistance {unknown}
 E - a potion of mutation {unknown}
 L - a potion of brilliance {unknown}


   Skills:
 + Level 8.2 Fighting
 + Level 6.7 Short Blades
 + Level 4.8 Long Blades
 + Level 4.8 Axes
 + Level 4.8 Maces & Flails
 + Level 4.8 Polearms
 + Level 4.8 Staves
 + Level 4.8 Slings
 + Level 4.8 Bows
 + Level 4.8 Crossbows
 + Level 4.8 Throwing
 + Level 8.2 Armour
 + Level 4.8 Dodging
 + Level 4.8 Stealth
 + Level 8.2 Shields
 + Level 4.8 Unarmed Combat
 + Level 4.8 Spellcasting
 + Level 4.0 Conjurations
 + Level 4.0 Hexes
 + Level 4.0 Summonings
 + Level 4.0 Necromancy
 + Level 4.0 Translocations
 + Level 4.0 Transmutations
 + Level 4.0 Fire Magic
 + Level 4.0 Ice Magic
 + Level 4.0 Air Magic
 + Level 4.0 Earth Magic
 + Level 4.0 Poison Magic
 + Level 5.3 Invocations
 + Level 4.8 Evocations


You had 15 spell levels left.
You knew the following spells:

 Your Spells              Type           Power      Damage    Failure   Level
a - Mephitic Cloud        Conj/Pois/Air  10%        N/A       24%         3

Your spell library contained the following spells:

 Spells                   Type           Power      Damage    Failure   Level
 Fulminant Prism          Conj/Hex       5%         3d7       58%         4
 Sandblast                Erth           20%        2d7       9%          1
 Dazzling Flash           Conj/Hex       20%        N/A       24%         3
 Passwall                 Tmut/Erth      8%         N/A       45%         2
 Iskenderun's Mystic Bla  Conj/Tloc      10%        2d4       58%         4
 Tukima's Dance           Hex            10%        N/A       69%         3
 Lee's Rapid Deconstruct  Erth           5%         3d7*      89%         5
 Yara's Violent Unravell  Hex/Tmut       5%         3d4       89%         5
 Passage of Golubria      Tloc           N/A        N/A       97%         4
 Starburst                Conj/Fire      5%         6d4       100%        6


Dungeon Overview and Level Annotations

Branches:
Dungeon (9/15)             Temple (0/1) D:5
   Lair: D:8-11         Orc: D:9-12

Altars:
Gozag
Vehumet
Xom
Yredelemnul

Shops:
D:2 (   D:4 ?


Innate Abilities, Weirdness & Mutations

You have very sharp teeth.
Your uncanny sense of smell can sniff out nearby items.
Your experience applies equally to all skills.


Message History

You hit the acid dragon but do no damage.
You bite the acid dragon.
The acid dragon is severely wounded.
You block the acid dragon's attack. The acid dragon claws you.
You hit the acid dragon but do no damage.
You bite the acid dragon.
The acid dragon is severely wounded.
You block the acid dragon's attack.
The acid dragon claws you but does no damage.
You barely miss the acid dragon.
The acid dragon is severely wounded.
The acid dragon barely misses you. x2
You hit the acid dragon but do no damage.
The acid dragon is severely wounded.
You block the acid dragon's attack. The acid dragon barely misses you.
You barely miss the acid dragon.
The acid dragon is severely wounded.
The acid dragon bites you! The acid dragon closely misses you.
You closely miss the acid dragon.
You bite the acid dragon, but do no damage.
The acid dragon is severely wounded.
The acid dragon bites you.
* * * LOW HITPOINT WARNING * * *
You block the acid dragon's attack.
You hit the acid dragon but do no damage.
The acid dragon is severely wounded.
The acid dragon misses you. You block the acid dragon's attack.
You closely miss the acid dragon.
The acid dragon is severely wounded.
The acid dragon bites you!
* * * LOW HITPOINT WARNING * * *
The acid dragon claws you but does no damage.
You hit the acid dragon.
You bite the acid dragon, but do no damage.
The acid dragon is almost dead.
The acid dragon spits acid at you. The splash of acid hits you!
* * * LOW HITPOINT WARNING * * *
You are splashed with acid!
You die...

∆ +##+ #..#
#+###+#..#
#.....#..#
+..@..'..+ ∆
#.D...#..#
#+###+#..#
#.....#..###
+##'##+.#
#.....#[#########
#.....#..........
+##'###.........<
#..............


You could see an acid dragon (catching breath).

Vanquished Creatures
  Maggie (D:7)
  2 wyverns
  Menkaure (D:5)
  2 water moccasins (D:6)
  An orc warrior (D:8)
  An ice beast (D:7)
  2 ogres
  A sky beast (D:7)
  2 necrophages
  2 centaurs
  2 kobold brigands (D:4)
  4 scorpions
  A gnoll sergeant (D:5)
  3 killer bees (D:8)
  4 wights (D:8)
  A howler monkey (D:6)
  A bullfrog zombie (D:6)
  A centaur zombie (D:6)
  5 hounds
  2 jellies
  2 orc priests
  A gnoll shaman (D:8)
  3 iguanas
  3 orc wizards
  A killer bee zombie (D:7)
  2 howler monkey skeletons
  16 gnolls
  8 adders
  2 shadow imps (D:7)
  A white imp (D:6)
  3 worms
  4 dart slugs
  11 orcs
  9 ball pythons
  6 endoplasms
  3 giant cockroaches
  9 hobgoblins
  8 jackals
  41 kobolds
  4 quokkas
  8 bats
  5 frilled lizards
  9 goblins
  3 rats
201 creatures vanquished.

Notes
Turn   | Place    | Note
-------+----------+-------------------------------------------
     0 | D:1      | MisterFreud the Gnoll Fighter began the quest for the Orb.
     0 | D:1      | Reached XP level 1. HP: 23/23 MP: 1/1
   163 | D:1      | Found a faded altar of an unknown god.
   174 | D:1      | Became a worshipper of Vehumet
   174 | D:1      | Reached * piety under Vehumet
   174 | D:1      | Offered knowledge of Foxfire by Vehumet.
   180 | D:1      | Reached XP level 2. HP: 28/29 MP: 2/2
   188 | D:1      | You fall into a shaft and drop 1 floor!
   528 | D:2      | Reached XP level 3. HP: 35/35 MP: 3/3
   731 | D:2      | Reached skill level 1 in Invocations
   881 | D:2      | Reached skill level 1 in Long Blades
   881 | D:2      | Reached skill level 1 in Axes
   881 | D:2      | Reached skill level 1 in Maces & Flails
   881 | D:2      | Reached skill level 1 in Polearms
   881 | D:2      | Reached skill level 1 in Staves
   881 | D:2      | Reached skill level 1 in Slings
   881 | D:2      | Reached skill level 1 in Bows
   881 | D:2      | Reached skill level 1 in Crossbows
   881 | D:2      | Reached skill level 1 in Throwing
   881 | D:2      | Reached skill level 1 in Dodging
   881 | D:2      | Reached skill level 1 in Stealth
   881 | D:2      | Reached skill level 1 in Unarmed Combat
   881 | D:2      | Reached skill level 1 in Spellcasting
   881 | D:2      | Reached skill level 1 in Evocations
  1045 | D:1      | Reached XP level 4. HP: 31/41 MP: 5/5
  1312 | D:1      | Reached ** piety under Vehumet
  1434 | D:2      | Found Qaxzodiu's Weapon Boutique.
  1452 | D:2      | Offered knowledge of Freeze by Vehumet.
  1709 | D:2      | Reached skill level 1 in Conjurations
  1709 | D:2      | Reached skill level 1 in Hexes
  1709 | D:2      | Reached skill level 1 in Summonings
  1709 | D:2      | Reached skill level 1 in Necromancy
  1709 | D:2      | Reached skill level 1 in Translocations
  1709 | D:2      | Reached skill level 1 in Transmutations
  1709 | D:2      | Reached skill level 1 in Fire Magic
  1709 | D:2      | Reached skill level 1 in Ice Magic
  1709 | D:2      | Reached skill level 1 in Air Magic
  1709 | D:2      | Reached skill level 1 in Earth Magic
  1709 | D:2      | Reached skill level 1 in Poison Magic
  1813 | D:3      | Reached XP level 5. HP: 14/47 MP: 5/7
  2232 | D:3      | Offered knowledge of Mephitic Cloud by Vehumet.
  2237 | D:3      | Learned a level 3 spell: Mephitic Cloud
  2494 | D:3      | Found a shimmering altar of Xom.
  2861 | D:4      | Reached XP level 6. HP: 33/53 MP: 8/8
  3182 | D:4      | Reached *** piety under Vehumet
  3202 | D:4      | Found Temporuq's Magic Scroll Shop.
  3233 | D:4      | Bought a scroll of teleportation for 39 gold pieces
  3233 | D:4      | Bought a scroll of blinking for 97 gold pieces
  3233 | D:4      | Bought a scroll of identify for 26 gold pieces
  3233 | D:4      | Bought a scroll of teleportation for 39 gold pieces
  3298 | D:4      | Reached skill level 5 in Short Blades
  3790 | D:4      | Reached XP level 7. HP: 59/59 MP: 10/10
  3843 | D:4      | Offered knowledge of Inner Flame by Vehumet.
  4221 | D:4      | Reached **** piety under Vehumet
  4602 | D:4      | Offered knowledge of Freezing Cloud by Vehumet.
  4808 | D:5      | Entered Level 5 of the Dungeon
  4808 | D:5      | Found an opulent altar of Gozag.
  4812 | D:5      | Noticed Menkaure
  4829 | D:5      | Killed Menkaure
  4830 | D:5      | Reached XP level 8. HP: 16/67 MP: 12/12
  5504 | D:5      | Found a staircase to the Ecumenical Temple.
  5984 | D:6      | Noticed a wyvern
  6009 | D:6      | HP: 2/100 [wyvern (6)]
  6013 | D:6      | Killed a wyvern
  6014 | D:6      | Reached XP level 9. HP: 14/73 MP: 14/14
  8338 | D:8      | Noticed a two-headed ogre
  8740 | D:7      | Reached ***** piety under Vehumet
  8812 | D:7      | Noticed Maggie
  8829 | D:7      | Killed Maggie
  8830 | D:7      | Reached skill level 5 in Invocations
  9735 | D:9      | Offered knowledge of Fulminant Prism by Vehumet.
  9736 | D:9      | Reached XP level 10. HP: 79/80 MP: 17/17
  9760 | D:9      | Found a basalt altar of Yredelemnul.
  9780 | D:9      | Splashed by an acid dragon's acid

Illustrated notes

Levels and vault maps discovered:
D:1:      dpeg_arrival_round_c, layout_basic,
          ebering_ecumenical_altar_sacrificial
D:2:      layout_loops_corners, serial_shops, nicolae_diamond_shop,
          kennysheep_generic_room_3
D:3:      layout_basic, marbit_many_paths, minmay_joined_circles
D:4:      minmay_goblin_kobold_castle, layout_loops_ring, serial_shops, shop,
          minmay_distorted
D:5:      layout_basic, mainiacjoe_overflow_small_starburst,
          minmay_temple_entry_mini_moons, minivault_26, uniq_menkaure
D:6:      layout_cave_pods, palyth_stone_intersect
D:7:      layout_basic, uniq_maggie
D:8:      layout_loops_ring, lair_entry_dummy
D:9:      kennysheep_ambush_hall, layout_long_grid, grunt_nemelex_the_gamble,
          mainiacjoe_overflow_24_doors

Skill      XL: |  1  2  3  4  5  6  7  8  9 |
---------------+----------------------------+-----
Invocations    | 1 2 3 4 5 |  5.3
Long Blades    | 1 2 3 4 |  4.8
Axes           | 1 2 3 4 |  4.8
Maces & Flails | 1 2 3 4 |  4.8
Polearms       | 1 2 3 4 |  4.8
Staves         | 1 2 3 4 |  4.8
Slings         | 1 2 3 4 |  4.8
Bows           | 1 2 3 4 |  4.8
Crossbows      | 1 2 3 4 |  4.8
Throwing       | 1 2 3 4 |  4.8
Dodging        | 1 2 3 4 |  4.8
Stealth        | 1 2 3 4 |  4.8
Unarmed Combat | 1 2 3 4 |  4.8
Spellcasting   | 1 2 3 4 |  4.8
Evocations     | 1 2 3 4 |  4.8
Conjurations   | 1 2 3 4 |  4.0
Hexes          | 1 2 3 4 |  4.0
Summonings     | 1 2 3 4 |  4.0
Necromancy     | 1 2 3 4 |  4.0
Translocations | 1 2 3 4 |  4.0
Transmutations | 1 2 3 4 |  4.0
Fire Magic     | 1 2 3 4 |  4.0
Ice Magic      | 1 2 3 4 |  4.0
Air Magic      | 1 2 3 4 |  4.0
Earth Magic    | 1 2 3 4 |  4.0
Poison Magic   | 1 2 3 4 |  4.0
Short Blades   | 5 6 |  6.7
Fighting       | 7 8 |  8.2
Armour         | 7 8 |  8.2
Shields        | 7 8 |  8.2

Action                   |  1- 3 |  4- 6 |  7- 9 | 10-12 || total
-------------------------+-------+-------+-------+-------++-------
Melee: Rapier            |    84 |   185 |   428 |    16 ||   713
       Bite              |    11 |    14 |    47 |     5 ||    77
Throw: Dart              |       |       |    18 |       ||    18
Evoke: Wand              |       |       |     1 |       ||     1
  Use: Scroll            |       |     3 |     6 |       ||     9
       Potion            |       |       |     3 |       ||     3
Armor: Scale mail        |    45 |    68 |   189 |     5 ||   307
       Skin              |       |       |     7 |       ||     7
Dodge: Dodged            |    21 |    50 |   142 |     8 ||   221
Block: Kite shield       |    47 |    80 |   252 |     9 ||   388
